 Dungeon Crawl Stone Soup version 0.28.0 (webtiles) character file.

Game seed: 7129153191651447403

16 SnakkuSnakku7 the Sneak (level 2, 0/17 HPs)
             Began as a Tengu Enchanter on Feb 5, 2022.
             Succumbed to a goblin's poison
             ... on level 1 of the Dungeon.
             The game lasted 00:00:43 (543 turns).

SnakkuSnakku7 the Sneak (Tengu Enchanter)            Turns: 543, Time: 00:00:44

Health: 0/17       AC:  2    Str:  8    XL:     2   Next: 54%
Magic:  6/6        EV: 12    Int: 15    God:
Gold:   0          SH:  0    Dex: 14    Spells: 5/5 levels left

rFire   . . .      SeeInvis .   f - +0 dagger (venom)
rCold   . . .      Faith    .   (no shield)
rNeg    . . .      Spirit   .   b - +0 robe
rPois   .          Reflect  .   (helmet restricted)
rElec   .          Harm     .   (no cloak)
rCorr   .          Rampage  .   (no gloves)
Will    .....                   (boots unavailable)
Stlth   ++........              (no amulet)
HPRegen 0.05/turn               (no ring)
MPRegen 0.10/turn               (no ring)

@: mighty, lethally poisoned (0 -> -2), attractive
A: beak, talons 3
a: no special abilities


You were on level 1 of the Dungeon.
You visited 1 branch of the dungeon, and saw 1 of its levels.

Inventory:

Hand Weapons
 a - a +1 dagger
 f - a +0 dagger of venom (weapon)
Armour
 b - a +0 robe (worn)
Scrolls
 g - a scroll of fog {unknown}
Potions
 c - a potion of invisibility


   Skills:
 + Level 2.1 Fighting
 - Level 1.1 Short Blades
 - Level 2.1 Dodging
 - Level 3.0 Stealth
 - Level 2.0 Spellcasting
 - Level 2.1 Hexes


You had 5 spell levels left.
You didn't know any spells.
Your spell library contained the following spells:

 Spells                   Type           Power      Damage    Failure   Level
 Ensorcelled Hibernation  Hex/Ice        8%         N/A       22%         2
 Confusing Touch          Hex            8%         N/A       26%         3
 Tukima's Dance           Hex            8%         N/A       26%         3
 Dazzling Flash           Conj/Hex       8%         N/A       38%         3


Dungeon Overview and Level Annotations

Branches:
Dungeon (1/15)

Altars:


Innate Abilities, Weirdness & Mutations

You have a beak for a mouth.
You have claws for feet.


Message History

The goblin shouts!
You claw the kobold. Your peck misses the kobold.
The kobold is severely wounded.
The goblin closely misses you. The kobold hits you with a +0 whip.
You hit the kobold.
You kill the kobold!
You barely miss the ball python. You peck the ball python.
The ball python is moderately wounded.
The endoplasm hits you. The ball python closely misses you. x2
You hit the endoplasm. Your peck misses the endoplasm.
The endoplasm is lightly wounded.
The endoplasm hits you.
You barely miss the endoplasm.
You claw the endoplasm, but do no damage.
You peck the endoplasm, but do no damage.
The endoplasm is lightly wounded.
The endoplasm hits you.
The goblin hits you with a +2 dagger of venom.
You are lethally poisoned!
You feel sick.
* * * LOW HITPOINT WARNING * * *
You feel sick.
It was a potion of attraction.
You feel attractive to monsters.
* * * LOW HITPOINT WARNING * * *
You feel sick. The endoplasm closely misses you.
It was a potion of might.
You feel very mighty all of a sudden.
* * * LOW HITPOINT WARNING * * *
You feel sick. The endoplasm misses you.
Unknown command.
You hit the endoplasm.
You kill the endoplasm!
* * * LOW HITPOINT WARNING * * *
You feel sick. The ball python bites you.
* * * LOW HITPOINT WARNING * * *
The ball python closely misses you.
You barely miss the ball python.
The ball python is moderately wounded.
You die...

#.... ...... #####
...... #.).
......####.#
.!.........# ..
.....#..K..###...(
.......gr.........
##.....###K###....
##..###@Sg# .
...###..####
####..###..## #..###
...# +.## #..# #..###
#..#
###########..####..#
#.#.##....###..##..###
#..........####......##


You could see a goblin, a ball python and a kobold.

Vanquished Creatures
  An endoplasm (D:1)
  2 goblins (D:1)
  2 hobgoblins (D:1)
  A quokka (D:1)
  A ball python (D:1)
  2 bats (D:1)
  2 frilled lizards (D:1)
  3 kobolds (D:1)
  2 rats (D:1)
16 creatures vanquished.

Notes
Turn   | Place    | Note
-------+----------+-------------------------------------------
     0 | D:1      | SnakkuSnakku7 the Tengu Enchanter began the quest for the
                  | Orb.
     0 | D:1      | Reached XP level 1. HP: 10/10 MP: 4/4
   198 | D:1      | Reached skill level 1 in Fighting
   378 | D:1      | Reached XP level 2. HP: 16/16 MP: 6/6
   543 | D:1      | Succumbed to a goblin's poison

Illustrated notes

Levels and vault maps discovered:
D:1:      kennysheep_arrival_seaside, layout_rooms,
          hellmonk_ecumenical_altar_heavens_door, grunt_decor_clamped

Skill      XL: |  1  2 |
---------------+-------+-----
Fighting       | 1 2 |  2.1
Short Blades   | |  1.1
Dodging        | |  2.1
Stealth        | |  3.0
Spellcasting   | |  2.0
Hexes          | |  2.1

Action                   || total
-------------------------++-------
Melee: Dagger            ||    44
       Kick              ||    10
       Peck              ||     5
  Use: Potion            ||     2
 Stab: Sleeping          ||     3
Armor: Robe              ||     6
Dodge: Dodged            ||    27
